 Dungeon Crawl Stone Soup version 0.19-a0-1704-gbd66c22 (webtiles) character file.

202 4thArraOfDagon the Firebug (level 5, -1/28 HPs)
             Began as a Deep Elf Fire Elementalist on Sept 27, 2016.
             Slain by an iguana (8 damage)
             ... on level 7 of the Dungeon.
             The game lasted 00:03:34 (539 turns).

4thArraOfDagon the Firebug (DEFE)                    Turns: 539, Time: 00:03:35

Health: -1/28      AC:  5    Str:  4 (5)  XL:     5   Next: 50%
Magic:  5/13       EV: 13    Int: 18 (21) God:
Gold:   57         SH:  0    Dex: 13 (15) Spells: 3 memorised, 4 levels left

rFire  . . .     SeeInvis +     k - +3 long sword (freeze) (curse)
rCold  . . .     Gourm    .     a - +0 robe
rNeg   . . .     Faith    .     (no shield)
rPois  .         Spirit   .     (no helmet)
rElec  .         Dismiss  .     (no cloak)
rCorr  .         Reflect  .     j - +1 pair of gloves
MR     .....     Harm     .     (no boots)
Stlth  ++........               o - amulet of inaccuracy (curse)
                                (no ring)
                                l - ring of see invisible

@: no status effects
A: no striking features
a: no special abilities


You were on level 7 of the Dungeon.
You were not hungry.

You visited 1 branch of the dungeon, and saw 6 of its levels.

You collected 57 gold pieces.

Inventory:

Hand Weapons
 g - a +0 club
 k - a cursed +3 long sword of freezing (weapon)
 n - a +0 trident
Armour
 a - a +0 robe (worn)
 j - a +1 pair of gloves (worn)
Jewellery
 l - a ring of see invisible (left hand)
 o - a cursed amulet of inaccuracy (around neck)
Scrolls
 d - a scroll of fear
 m - 2 scrolls of enchant armour
Potions
 e - a potion of magic {unknown}
 h - a potion of curing
Books
 b - a book of Flames

   Spells                             Type                      Level
   a - Flame Tongue                   Conjuration/Fire             1
   b - Throw Flame                    Conjuration/Fire             2
   c - Conjure Flame                  Conjuration/Fire             3
   d - Inner Flame                    Hexes/Fire                   3
   e - Sticky Flame                   Conjuration/Fire             4
   f - Fireball                       Conjuration/Fire             5
 i - a book of Power

   Spells                             Type                      Level
   a - Fulminant Prism                Conjuration/Hexes            4
   b - Iskenderun's Mystic Blast      Conjuration                  4
   c - Venom Bolt                     Conjuration/Poison           5
   d - Bolt of Magma                  Conjuration/Fire/Earth       5
   e - Iron Shot                      Conjuration/Earth            6
   f - Orb of Destruction             Conjuration                  7
   g - Spellforged Servitor           Conjuration/Summoning        7
Comestibles
 c - 2 bread rations
 f - a meat ration


   Skills:
 - Level 2.4 Dodging
 - Level 2.4 Stealth
 + Level 4.2 Spellcasting
 * Level 3.6 Conjurations
 * Level 5.2 Fire Magic


You had 4 spell levels left.
You knew the following spells:

 Your Spells              Type           Power        Failure   Level  Hunger
a - Flame Tongue          Conj/Fire      ###..        1%          1    None
b - Conjure Flame         Conj/Fire      ###.....     10%         3    ###....
c - Sticky Flame          Conj/Fire      ###.....     24%         4    ####...


Dungeon Overview and Level Annotations

Branches:
Dungeon (8/15)
 Temple: D:4-7         Lair: D:8-11

Altars:
Elyvilon


Message History

Found 16 gold pieces.
Unknown command.
There is an escape hatch in the ceiling here.
Found 17 bolts.
You now have 57 gold pieces (gained 16). 2 rats come into view.
Unknown command.
There is an escape hatch in the ceiling here.
A mysterious force pulls you upwards. The hatch slams shut behind you.
The jackal barks!
The jackal closely misses you. The iguana barely misses you.
You riposte.
You barely miss the iguana.
Unknown command.
Unknown command.
The jackal misses you.
You riposte.
You miss the jackal.
Unknown command.
Unknown command.
Unknown command.
The iguana bites you!
You die...

♣♣ ♣♣........#.#
.♣♣♣.......###.#
..♣^..≈≈≈...##.#
.....≈≈≈≈≈..##.# #
.....≈≈♣≈≈...#.# .#
.....≈≈≈≈≈.....#######.##
..♣...≈≈≈...##.##..>.....
.♣♣♣........##.##........
♣♣ ♣♣.....#.....@........
♣ ♣♣########.##lh......
...........h.......
########>..........
#...........
#............
#........#### ##
#....!...# .## .?....##.#


You could see an iguana and 2 jackals.

Vanquished Creatures
  2 wights (D:7)
  A jelly (D:6)
  A bullfrog skeleton (D:7)
  An orc wizard (D:7)
  An adder (D:8)
  A gnoll (D:6)
  2 dart slugs (D:1)
  3 orcs
  3 goblins
  4 hobgoblins
  A bat (D:1)
  A frilled lizard (D:1)
  A rat (D:2)
22 creatures vanquished.

Notes
Turn   | Place    | Note
-------+----------+-------------------------------------------
     0 | D:1      | 4thArraOfDagon the Deep Elf Fire Elementalist began the quest for the Orb.
     0 | D:1      | Reached XP level 1. HP: 10/10 MP: 6/6
    67 | D:1      | Reached XP level 2. HP: 15/15 MP: 1/8
   227 | D:3      | You fall through a shaft for 3 floors!
   256 | D:6      | Reached skill level 4 in Fire Magic
   256 | D:6      | Reached XP level 3. HP: 19/19 MP: 6/9
   261 | D:6      | Learned a level 3 spell: Conjure Flame
   351 | D:7      | Reached XP level 4. HP: 15/24 MP: 1/11
   360 | D:7      | Learned a level 4 spell: Sticky Flame
   431 | D:7      | Found a white marble altar of Elyvilon.
   432 | D:7      | Reached skill level 5 in Fire Magic
   432 | D:7      | Reached XP level 5. HP: 20/28 MP: 3/13
   539 | D:7      | Slain by an iguana

Vault maps used:
D:1:      matt_arrival_refuge
D:2:      minmay_misc_feat_hallway, minivault_4
D:6:      corexii_shantytown, uniq_eustachio, uniq_sigmund
D:7:      lemuel_ice_statue, grunt_livestock, elyvilon_altar_3
D:8:      grunt_lair_entry_orc_guard_hut

Skill      XL: |  1  2  3  4 |
---------------+-------------+-----
Conjurations   | 2 3 |  3.6
Fire Magic     | 4 5 |  5.2
Spellcasting   | 4 |  4.2
Dodging        | |  2.4
Stealth        | |  2.4

Action                   |  1- 3 |  4- 6 || total
-------------------------+-------+-------++-------
Melee: Club              |     5 |       ||     5
       Trident           |     5 |       ||     5
       Long sword        |       |    13 ||    13
 Cast: Flame Tongue      |    25 |     4 ||    29
       Conjure Flame     |     1 |       ||     1
       Sticky Flame      |       |     3 ||     3
  Use: Scroll            |     2 |     1 ||     3
       Potion            |       |     2 ||     2
Armor: Robe              |     4 |     6 ||    10
Dodge: Dodged            |    12 |    14 ||    26
